 Dungeon Crawl Stone Soup version 0.30.1-11-g7821555f0a (webtiles) character file.

Game seed: 17217590422727839322

616 Janerl the Poker (level 7, -5/63 HPs)
             Began as a Minotaur Berserker on Jan 12, 2024.
             Was a Believer of Trog.
             Killed from afar by an orc wizard (8 damage)
             ... with a magic dart
             ... on level 4 of the Dungeon.
             The game lasted 00:08:55 (3589 turns).

Janerl the Poker (Minotaur Berserker)               Turns: 3589, Time: 00:08:56

Health: -5/63      AC:  2    Str: 21    XL:     7   Next: 21%
Magic:  6/6        EV: 13    Int:  4    God:    Trog [**....]
Gold:   197        SH:  0    Dex: 12    Spells: 6/6 levels left

rFire   . . .        a - +0 spear
rCold   . . .        (no shield)
rNeg    . . .        b - +0 animal skin
rPois   .            (helmet restricted)
rElec   .            (no cloak)
rCorr   .            (no gloves)
SInv    .            (no boots)
Will    .....        (no amulet)
Stlth   ++           (no ring)
HPRegen 0.30/turn    (no ring)
MPRegen 0.10/turn

%: no passive effects
@: on berserk cooldown
A: horns 2, retaliatory headbutt
a: Renounce Religion, Berserk, Trog's Hand


You were on level 4 of the Dungeon.
You worshipped Trog.
Trog was pleased with you.
You visited 1 branch of the dungeon, and saw 4 of its levels.

You collected 197 gold pieces.

Inventory:

Hand Weapons
 a - a +0 spear (weapon)
Armour
 b - a +0 animal skin (worn)
Jewellery
 e - a ring of fire
 q - an amulet of faith
 u - an amulet of faith
Wands
 r - a wand of roots (3)
 s - a wand of flame (20)
Scrolls
 c - 2 scrolls of noise {unknown}
 d - a scroll of enchant weapon {unknown}
 g - a scroll of immolation {unknown}
 i - a scroll of amnesia {unknown}
 k - 4 scrolls of identify {unknown}
 m - a scroll of butterflies {unknown}
 o - 3 scrolls of teleportation {unknown}
 t - a scroll of torment {unknown}
 v - a scroll of poison {unknown}
Potions
 f - 3 potions of attraction {unknown}
 h - a potion of curing {unknown}
 j - 2 potions of berserk rage {unknown}
 l - a potion of magic {unknown}
 n - a potion of heal wounds {unknown}
 p - 2 potions of might {unknown}


   Skills:
 + Level 6.1 Fighting
 + Level 7.0 Polearms
 + Level 2.5 Armour
 + Level 4.7 Dodging
 + Level 1.3 Stealth


You had 6 spell levels left.
You didn't know any spells.
Your spell library was empty.

Dungeon Overview and Level Annotations

Branches:
Dungeon (4/15)
 Temple: D:4-7

Altars:
Ashenzari
Cheibriados
Yredelemnul

Shops:
D:3 (

Annotations:
D:3 1 runed translucent door, Crazy Yiuf


Innate Abilities, Weirdness & Mutations

You have a pair of horns on your head.
You reflexively headbutt those who attack you in melee.


Message History

* * * LOW HITPOINT WARNING * * *
You hit the orc wizard.
The orc wizard is heavily wounded.
The orc wizard hits you with a +0 dagger.
* * * LOW HITPOINT WARNING * * *
You closely miss the orc wizard.
The orc wizard is heavily wounded.
The orc wizard casts a spell.
The orc wizard flickers and vanishes!
Deactivating autopickup; reactivate with Ctrl-A.
You miss something. Something barely misses you.
You closely miss something.
You hear some strange, mumbled words.
You are confused.
You bump into the rock wall.
Something hits you.
* * * LOW HITPOINT WARNING * * *
Something hits you.
* * * LOW HITPOINT WARNING * * *
You bump into the rock wall.
Something hits you.
* * * LOW HITPOINT WARNING * * *
You miss something. Your headbutt misses something.
Something hits you but does no damage.
You bump into the rock wall.
Something hits you but does no damage. Something hits you.
* * * LOW HITPOINT WARNING * * *
You hit something. Something barely misses you.
You feel less confused. Something completely misses you.
You miss something. Your headbutt misses something.
You feel yourself speed up. Something hits you.
* * * LOW HITPOINT WARNING * * *
You hit something but do no damage. Your headbutt misses something.
Something hits you.
* * * LOW HITPOINT WARNING * * *
You hit something but do no damage.
You hear some strange, mumbled words.
A magic dart appears from out of thin air!
The magic dart hits you!
You die...

# ...#.# .o...
#.#o## #..o.####
#..o....# #...##)# #
#######.###)#.#
######........†)@{.#
.......#####.###...#
##.#####
#.........[# #.#
####....#### #.#
#.#..# #.# #. ..#
#B# #. #.# #.# #. .#
#.#


There were no monsters in sight!

Vanquished Creatures
  Grinder (D:4)
  A sky beast (D:4)
  A scorpion (D:4)
  A sleepcap (D:4)
  An orc wizard (D:4)
  Natasha (thrice) (D:3)
  5 adders
  4 gnolls (D:2)
  A white imp (D:3)
  2 worms
  A dart slug (D:1)
  2 orcs (D:4)
  4 bats
  8 endoplasms
  4 giant cockroaches
  5 goblins
  4 hobgoblins
  4 kobolds
  5 quokkas
  3 ball pythons
  2 frilled lizards
  4 rats
66 creatures vanquished.

Notes
Turn   | Place    | Note
-------+----------+-------------------------------------------
     0 | D:1      | Janerl the Minotaur Berserker began the quest for the Orb.
     0 | D:1      | Reached XP level 1. HP: 19/19 MP: 0/0
   161 | D:1      | Reached XP level 2. HP: 23/27 MP: 1/1
   196 | D:1      | Reached skill level 4 in Polearms
   960 | D:2      | Reached XP level 3. HP: 33/33 MP: 2/2
  1180 | D:2      | Reached ** piety under Trog
  1425 | D:2      | Reached XP level 4. HP: 40/41 MP: 3/3
  1452 | D:2      | Reached skill level 5 in Polearms
  2182 | D:3      | Noticed Natasha
  2182 | D:3      | Found Dykizi's Weapon Shop.
  2204 | D:3      | Killed Natasha
  2205 | D:3      | Reached XP level 5. HP: 15/47 MP: 4/4
  2404 | D:3      | Noticed Natasha
  2412 | D:3      | Killed Natasha
  2413 | D:3      | Reached skill level 5 in Fighting
  2458 | D:3      | Found a faded altar of an unknown god.
  2490 | D:3      | Found a runed translucent door.
  2491 | D:3      | Noticed Crazy Yiuf
  2623 | D:3      | Noticed Natasha
  2628 | D:3      | Killed Natasha
  2713 | D:3      | Found a basalt altar of Yredelemnul.
  2718 | D:3      | Found a snail-covered altar of Cheibriados.
  2899 | D:3      | Found a broken altar of Ashenzari.
  3373 | D:4      | Reached skill level 6 in Polearms
  3462 | D:4      | Reached XP level 6. HP: 12/56 MP: 5/5
  3499 | D:4      | Noticed a sky beast
  3532 | D:4      | Noticed Grinder
  3540 | D:4      | Killed Grinder
  3541 | D:4      | Reached skill level 1 in Stealth
  3548 | D:4      | Killed a sky beast
  3549 | D:4      | Reached XP level 7. HP: 25/63 MP: 6/6
  3557 | D:4      | Reached skill level 7 in Polearms
  3588 | D:4      | HP: 3/63 [something (2)]
  3589 | D:4      | Killed from afar by an orc wizard

Illustrated notes

Levels and vault maps discovered:
D:1:      saegor_arrival_simple_a, layout_loops_ring, minmay_misc_feat_cross,
          nicolae_eternal_life
D:2:      layout_loops_corners
D:3:      layout_basic, nicolae_overflow_hidden_temple, serial_shops,
          nicolae_shop_hallway_stairs, nicolae_ecumenical_pavilion,
          minmay_liquid_box, hangedman_decor_points, uniq_crazy_yiuf_cottage,
          uniq_natasha
D:4:      layout_loops_ring, minmay_crossroads, uniq_grinder

Skill      XL: |  1  2  3  4  5  6  7 |
---------------+----------------------+-----
Fighting       | 4 5 6 |  6.1
Polearms       | 4 5 6 7 |  7.0
Dodging        | 3 4 |  4.7
Stealth        | 1 |  1.3
Armour         | |  2.5

Action                     |  1- 3 |  4- 6 |  7- 9 || total
---------------------------+-------+-------+-------++-------
  Melee: Spear             |   101 |    93 |    17 ||   211
         Headbutt          |     5 |    26 |     2 ||    33
 Invoke: Berserk           |       |     4 |       ||     4
   Stab: Sleeping          |     1 |       |       ||     1
 Armour: Animal skin       |    11 |    13 |     2 ||    26
  Dodge: Dodged            |    59 |    43 |     7 ||   109
